 Dungeon Crawl Stone Soup version 0.31-a0-177-g4aa6249778 (webtiles) character file.

Game seed: 2523206993978784406

350 mopl the Trooper (level 6, -1/48 HPs)
             Began as a Demonspawn Fighter on June 17, 2023.
             Slain by a water moccasin (3 damage)
             ... on level 4 of the Dungeon on June 18, 2023.
             The game lasted 00:03:24 (2408 turns).

mopl the Trooper (Demonspawn Fighter)               Turns: 2408, Time: 00:03:25

Health: -1/48      AC: 11    Str: 18    XL:     6   Next: 34%
Magic:  6/6        EV: 11    Int:  9    God:
Gold:   148        SH:  4    Dex: 13    Spells: 5/5 levels left

rFire   . . .        a - +0 war axe
rCold   . . .        c - +0 buckler
rNeg    . . .        g - +0 troll leather armour
rPois   .            (no helmet)
rElec   .            (no cloak)
rCorr   .            f - +0 pair of gloves
SInv    .            i - +2 pair of boots
Will    .....        (no amulet)
Stlth   +            (no ring)
HPRegen 1.08/turn    (no ring)
MPRegen 0.10/turn

%: no passive effects
@: mighty, attractive, hasted, very quick
A: claws 1, yellow scales 1
a: no special abilities


You were on level 4 of the Dungeon.
You visited 1 branch of the dungeon, and saw 4 of its levels.

You collected 148 gold pieces.

Inventory:

Hand Weapons
 a - a +0 war axe (weapon)
Missiles
 m - 4 javelins
Armour
 c - a +0 buckler (worn)
 f - a +0 pair of gloves (worn)
 g - a +0 troll leather armour (worn)
 h - a +0 chain mail
 i - a +2 pair of boots (worn)
Scrolls
 e - a scroll of enchant weapon {unknown}
 k - a scroll of teleportation {unknown}
 l - a scroll of blinking {unknown}
 q - 3 scrolls of identify {unknown}
 r - a scroll of enchant armour {unknown}
Potions
 n - a potion of resistance {unknown}
 o - a potion of curing {unknown}
 p - a potion of brilliance {unknown}


   Skills:
 + Level 4.1 Fighting
 * Level 4.1 Axes
 + Level 3.7 Armour
 + Level 2.3 Dodging
 - Level 2.6 Shields


You had 5 spell levels left.
You didn't know any spells.
Your spell library was empty.

Dungeon Overview and Level Annotations

Branches:
Dungeon (4/15)
 Temple: D:4-7

Altars:
Gozag
Xom

Annotations:
D:3 2 transporters


Innate Abilities, Weirdness & Mutations

You have sharp fingernails.
You are partially covered in yellow scales. (AC +2)


Message History

You are too injured to fight recklessly!
It was a potion of attraction.
You feel attractive to monsters.
You feel very sick. The water moccasin barely misses you.
You barely miss the water moccasin.
You feel very sick. The water moccasin barely misses you.
You block the water moccasin's attack.
You barely miss the water moccasin.
You feel sick. The water moccasin bites you.
* * * LOW HITPOINT WARNING * * *
You block the water moccasin's attack.
You feel very mighty all of a sudden.
You feel sick. The water moccasin closely misses you.
The water moccasin bites you but does no damage.
You miss the water moccasin.
You feel sick. The water moccasin bites you.
* * * LOW HITPOINT WARNING * * *
The water moccasin barely misses you.
It was a potion of haste.
You feel yourself speed up.
You feel sick. You block the water moccasin's attack.
You miss the water moccasin.
You feel sick. The water moccasin closely misses you.
You closely miss the water moccasin.
You feel sick. The water moccasin bites you.
* * * LOW HITPOINT WARNING * * *
You barely miss the water moccasin.
You feel sick.
You are no longer poisoned.
The water moccasin bites you but does no damage.
You block the water moccasin's attack.
You slash the water moccasin!
The water moccasin is moderately wounded.
You block the water moccasin's attack.
You closely miss the water moccasin.
The water moccasin is moderately wounded.
The water moccasin bites you.
* * * LOW HITPOINT WARNING * * *
You miss the water moccasin.
The water moccasin is moderately wounded.
The water moccasin bites you.
You die...

.............
.............
.......<.....
.............
.............
##+########+######'#####
........................
......S.................
.......@................
#...####...##..##..#####
# .####...######..#
.........'..§§...#
.........#†......+
.........#§......#
..####...######### .
#####


You could see a water moccasin.

Vanquished Creatures
  Grinder (D:3)
  Natasha (D:4)
  6 adders
  3 dart slugs (D:1)
  4 orcs (D:3)
  8 endoplasms
  3 giant cockroaches
  5 hobgoblins
  7 jackals
  2 quokkas
  4 ball pythons
  7 bats
  2 frilled lizards
  4 goblins
  5 kobolds
  5 rats
67 creatures vanquished.

Notes
Turn   | Place    | Note
-------+----------+-------------------------------------------
     0 | D:1      | mopl the Demonspawn Fighter began the quest for the Orb.
     0 | D:1      | Reached XP level 1. HP: 18/18 MP: 1/1
    55 | D:1      | Reached skill level 2 in Axes
    80 | D:1      | Upgraded the game from 0.31-a0-175-g9f7f995f2b to
                  | 0.31-a0-177-g4aa6249778
    96 | D:1      | Gained mutation: You are partially covered in yellow
                  | scales. (AC +2) [demonic ancestry]
    96 | D:1      | Reached XP level 2. HP: 24/24 MP: 2/2
   437 | D:1      | Reached XP level 3. HP: 29/29 MP: 3/3
   900 | D:2      | Reached skill level 3 in Armour
   900 | D:2      | Reached skill level 1 in Dodging
  1080 | D:2      | Gained mutation: You have sharp fingernails. [demonic
                  | ancestry]
  1080 | D:2      | Reached XP level 4. HP: 35/35 MP: 4/4
  1284 | D:2      | Found an opulent altar of Gozag.
  1674 | D:3      | Found a transporter.
  1706 | D:3      | Reached skill level 3 in Axes
  1716 | D:3      | Found a transporter.
  1963 | D:3      | Found a shimmering altar of Xom.
  2047 | D:3      | Noticed Grinder
  2052 | D:3      | Paralysed by Grinder for 5 turns
  2131 | D:3      | Paralysed by Grinder for 3 turns
  2140 | D:3      | Killed Grinder
  2141 | D:3      | Reached skill level 4 in Fighting
  2141 | D:3      | Reached skill level 4 in Axes
  2141 | D:3      | Reached skill level 2 in Dodging
  2141 | D:3      | Reached XP level 5. HP: 38/42 MP: 5/5
  2141 | D:3      | Reached XP level 6. HP: 44/48 MP: 6/6
  2379 | D:4      | Noticed Natasha
  2389 | D:4      | Killed Natasha
  2390 | D:4      | Noticed a water moccasin
  2407 | D:4      | HP: 1/48 [water moccasin (4)]
  2408 | D:4      | Slain by a water moccasin

Illustrated notes

Levels and vault maps discovered:
D:1:      dpeg_arrival_rooms_with_view, layout_basic, nicolae_the_louvre
D:2:      layout_loops_corners, basic_altar, feat_on_display
D:3:      gammafunk_wand_slinger, layout_loops_ring,
          mainiacjoe_overflow_surrounded_room, uniq_grinder
D:4:      layout_gridville, nicolae_dithmenos_through_a_glass_darkly,
          minmay_temple_entry_mini_moons, minmay_misc_feat_pillars,
          uniq_natasha, uniq_pikel, uniq_sigmund

Skill      XL: |  1  2  3  4 |
---------------+-------------+-----
Axes           | 2 4 |  4.1
Armour         | 3 |  3.7
Dodging        | 1 2 |  2.3
Fighting       | 4 |  4.1
Shields        | |  2.6

Action                     |  1- 3 |  4- 6 || total
---------------------------+-------+-------++-------
  Melee: War axe           |   101 |   141 ||   242
    Use: Potion            |       |     3 ||     3
   Stab: Sleeping          |       |     1 ||     1
 Armour: Scale mail        |     2 |       ||     2
         Troll leather arm |    43 |    65 ||   108
  Dodge: Dodged            |    67 |    79 ||   146
  Block: Buckler           |    27 |    29 ||    56

Table legend: (Time is in decaauts)
 A = Elapsed time spent in this place.
 B = Non-inter-level travel time spent in this place.
 C = Inter-level travel time spent in this place.
 D = Time resting spent in this place.
 E = Time spent auto-exploring this place.
 F = Levels seen in this place.
 G = Mean time per level.
                   A        B        C        D        E       F      G
               +--------+--------+--------+--------+--------+-----+--------+
         Total |   2501 |   2457 |     44 |      0 |   1732 |   4 |  625.2 |
       Dungeon |   2501 |   2457 |     44 |      0 |   1732 |   4 |  625.2 |
               +--------+--------+--------+--------+--------+-----+--------+

Top non-repeatable levels by time:
     D:2: 895 daAuts
     D:1: 823 daAuts
     D:3: 735 daAuts
     D:4: 48 daAuts
